 Dungeon Crawl Stone Soup version 0.31-a0-986-g5e6e4ef867 (webtiles) character file.

Game seed: 1575034440991393553

7543 FakeRyeBread the Grappler (level 10, 0/102 HPs)
             Began as a Troll Fighter on Nov 9, 2023.
             Was a Priest of Wu Jian.
             Slain by a nine-headed hydra (8 damage)
             ... on level 9 of the Dungeon.
             The game lasted 00:19:51 (7407 turns).

FakeRyeBread the Grappler (Troll Fighter)           Turns: 7407, Time: 00:19:52

Health: 0/102      AC:  9    Str: 26    XL:     10   Next: 96%
Magic:  9/9        EV: 10    Int:  8    God:    Wu Jian [***...]
Gold:   505        SH: 10    Dex:  9    Spells: 9/9 levels left

rFire   . .          .
                       - Unarmed
rCold   . . .        b - +1 kite shield
rNeg    + . .        y - +0 acid dragon scales
rPois   .            (helmet restricted)
rElec   .            z - +0 cloak {rCorr}
rCorr   +            (gloves unavailable)
SInv    .            (boots unavailable)
Will    .....        v - amulet of faith
Stlth   +            a - ring of positive energy
HPRegen 1.17/turn    (no ring)
MPRegen 0.11/turn

%: faith
@: mighty
A: large, unfitting armour, claws 3, regeneration 1, shaggy fur 1, tough skin 1
a: Renounce Religion, Wall Jump, Serpent's Lash


You were on level 9 of the Dungeon.
You worshipped Wu Jian.
Wu Jian was most pleased with you.
You visited 2 branches of the dungeon, and saw 10 of its levels.

You collected 505 gold pieces.

Inventory:

Missiles
 h - a throwing net
 r - 30 poisoned darts
 s - 2 curare-tipped darts
 t - 40 stones (quivered)
 w - 2 javelins
Armour
 b - a +1 kite shield (worn)
 k - a +0 troll leather armour
 x - a +2 robe of fire resistance
 y - +0 acid dragon scales (worn)
 z - a +0 cloak of preservation (worn)
Jewellery
 a - a ring of positive energy (left claw)
 v - an amulet of faith (around neck)
Wands
 e - a wand of charming (16)
 q - a wand of flame (22)
Scrolls
 f - 4 scrolls of immolation
 n - 3 scrolls of blinking
 o - 2 scrolls of fog
 p - 5 scrolls of teleportation
Potions
 c - 2 potions of might
 d - 2 potions of haste
 g - a potion of brilliance
 i - a potion of lignification {unknown}
 j - a potion of enlightenment
 l - a potion of curing
 m - 2 potions of mutation
 u - a potion of attraction


   Skills:
 + Level 7.4 Fighting
 + Level 6.3 Dodging
 + Level 8.2 Shields
 * Level 11.9 Unarmed Combat


You had 9 spell levels left.
You didn't know any spells.
Your spell library contained the following spells:

 Spells                   Type           Power      Damage    Failure   Level
 Freeze                   Ice            0%         1d3       67%         1
 Cigotuvi's Dreadful Rot  Necr/Pois/Air  0%         N/A       82%         2
 Frozen Ramparts          Ice            0%         1d1       96%         3
 Hailstorm                Conj/Ice       0%         3d3       96%         3
 Ignite Poison            Fire/Tmut/Pois 0%         N/A       96%         3
 Ozocubu's Armour         Ice            0%         N/A       96%         3
 Summon Guardian Golem    Hex/Summ       0%         N/A       96%         3
 Cause Fear               Hex            0%         N/A       100%        4
 Alistair's Intoxication  Tmut/Pois      0%         N/A       100%        5
 Borgnjor's Vile Clutch   Necr/Erth      0%         N/A       100%        5
 Fireball                 Conj/Fire      0%         3d3       100%        5
 Freezing Cloud           Conj/Ice/Air   0%         6-21      100%        5
 Metabolic Englaciation   Hex/Ice        0%         N/A       100%        5
 Eringya's Noxious Bog    Tmut/Pois      0%         4d6       100%        6
 Simulacrum               Ice/Necr       0%         N/A       100%        6
 Orb of Destruction       Conj           0%         9d5       100%        7
 Spellforged Servitor     Conj/Summ      0%         N/A       100%        7
 Dragon's Call            Summ           0%         N/A       100%        9


Dungeon Overview and Level Annotations

Branches:
Dungeon (9/15)             Temple (1/1) D:4            Lair (0/5) D:9
    Orc: D:9-12

Altars:
Ashenzari
Cheibriados
Dithmenos
Elyvilon
Fedhas
Gozag
Hepliaklqana
Kikubaaqudgha
Makhleb
Nemelex Xobeh
Okawaru
Qazlal
Sif Muna
Trog
Vehumet
Wu Jian
Xom
Yredelemnul
The Shining One

Annotations:
D:7 3 runed translucent doors, Tollund's ghost, novice MeEE
D:9 1 runed translucent door


Innate Abilities, Weirdness & Mutations

You are too large for most types of armour.
You have claws for hands.
Your natural rate of healing is unusually fast.
You are covered in fur. (AC +1)
You have tough skin. (AC +1)


Message History

You block the seven-headed hydra's attack.
The seven-headed hydra closely misses you.
The seven-headed hydra bites you but does no damage.
You block the seven-headed hydra's attack.
The seven-headed hydra bites you.
You tear one of the seven-headed hydra's heads off!
The six-headed hydra grows two more!
You mangle the eight-headed hydra!!
The eight-headed hydra is severely wounded.
The eight-headed hydra bites you!
The eight-headed hydra bites you but does no damage.
You block the eight-headed hydra's attack.
The eight-headed hydra bites you.
The eight-headed hydra barely misses you.
You block the eight-headed hydra's attack.
The eight-headed hydra barely misses you. x2
You rip one of the eight-headed hydra's heads off!
The seven-headed hydra grows two more!
You claw the nine-headed hydra!
The nine-headed hydra is severely wounded.
The nine-headed hydra bites you.
The nine-headed hydra bites you but does no damage. x2
The nine-headed hydra barely misses you.
The nine-headed hydra bites you but does no damage.
The nine-headed hydra bites you!
* * * LOW HITPOINT WARNING * * *
The nine-headed hydra bites you!
* * * LOW HITPOINT WARNING * * *
The nine-headed hydra closely misses you.
The nine-headed hydra bites you.
* * * LOW HITPOINT WARNING * * *
You feel better.
The nine-headed hydra bites you but does no damage.
You block the nine-headed hydra's attack. x3
The nine-headed hydra completely misses you.
The nine-headed hydra bites you.
* * * LOW HITPOINT WARNING * * *
The nine-headed hydra bites you!
* * * LOW HITPOINT WARNING * * *
The nine-headed hydra bites you but does no damage.
The nine-headed hydra bites you!
You die...

##...#.#....# #....#.#..#...
#...##.##### #####.##..#...
#...##..# #..#...#...
#.#..##.#########.##...#...
#.##..##.........##....#..)
#######.###..#########.#.....####
.............#####..#.##.....####
..............##.DJ.+.#......#≈§≈
..............##@#D.###......'§..
...............#.#####.......#≈##
...............##...##.......#≈..
................###.#........#≈.#
................##.##..#.....#≈.#
..............#..#.#...#.....#≈.#
..............#.)#.#.###.....#≈.#
#'#####......##...........#'##≈.#
......#......#...#........#..#≈.#


You could see a fire dragon, a nine-headed hydra and a slime creature.

Vanquished Creatures
  A death knight (D:9)
  A tengu warrior (D:9)
  An ugly thing (D:9)
  2 trolls (D:9)
  A hornet (D:9)
  A shadow (D:5)
  8 yaks
  A basilisk (D:9)
  The ghost of superbruh the Digger, an amateur GrEE of Ru (D:4)
  2 acid dragons (D:9)
  A water moccasin (D:8)
  An orc warrior (D:9)
  A black bear (D:7)
  An ogre (D:6)
  A sky beast (D:7)
  A centaur (D:7)
  6 kobold brigands
  4 bullfrogs
  4 scorpions
  11 killer bees
  6 howler monkeys
  A lava snake (D:9)
  A hound (D:5)
  An orc priest (D:5)
  A sleepcap (D:8)
  2 iguanas
  2 gnoll boudas
  4 orc wizards
  A centaur simulacrum (D:9)
  Robin (D:2)
  8 gnolls
  6 adders
  2 white imps
  4 dart slugs
  14 orcs
  4 ball pythons
  2 bats (D:1)
  5 endoplasms
  3 giant cockroaches
  16 goblins
  10 hobgoblins
  2 jackals (D:1)
  7 quokkas
  4 frilled lizards
  27 kobolds
  2 rats
186 creatures vanquished.

Vanquished Creatures (others)
  A ball python (D:4)
1 creature vanquished.

Grand Total: 187 creatures vanquished

Notes
Turn   | Place    | Note
-------+----------+-------------------------------------------
     0 | D:1      | FakeRyeBread the Troll Fighter began the quest for the Orb.
     0 | D:1      | Reached XP level 1. HP: 22/22 MP: 0/0
   123 | D:1      | Reached XP level 2. HP: 29/29 MP: 1/1
   661 | D:2      | Reached XP level 3. HP: 36/36 MP: 2/2
   896 | D:2      | Reached skill level 3 in Unarmed Combat
  1199 | D:2      | Noticed Robin
  1212 | D:2      | Killed Robin
  1219 | D:2      | Reached XP level 4. HP: 34/42 MP: 3/3
  1609 | D:3      | Reached skill level 4 in Unarmed Combat
  1609 | D:3      | Reached XP level 5. HP: 50/53 MP: 4/4
  1707 | D:3      | Found a stormy altar of Qazlal.
  2295 | D:4      | Found a runed translucent gate.
  2296 | D:4      | Found a runed translucent gate.
  2296 | D:4      | Found a runed translucent gate.
  2297 | D:4      | Found an opulent altar of Gozag.
  2297 | D:4      | Noticed superbruh's ghost (amateur GrEE)
  2315 | D:4      | Killed superbruh's ghost
  2316 | D:4      | Reached skill level 5 in Unarmed Combat
  2316 | D:4      | Reached XP level 6. HP: 39/61 MP: 5/5
  2575 | D:4      | Found a staircase to the Ecumenical Temple.
  2582 | Temple   | Entered the Ecumenical Temple
  2591 | Temple   | Became a worshipper of the Wu Jian Council
  2810 | D:5      | Entered Level 5 of the Dungeon
  2810 | D:5      | Noticed a shadow
  2831 | D:5      | HP: 3/62 [something (28)]
  2834 | D:5      | Killed a shadow
  2835 | D:5      | Reached XP level 7. HP: 5/70 MP: 6/6
  2836 | D:5      | HP: 3/70 [gnoll/+0 spear (4)]
  2913 | D:5      | Reached skill level 6 in Unarmed Combat
  3129 | D:5      | Found a snail-covered altar of Cheibriados.
  3392 | D:5      | Reached skill level 5 in Dodging
  3392 | D:5      | Reached skill level 10 in Unarmed Combat
  3392 | D:5      | Reached XP level 8. HP: 84/84 MP: 7/7
  3760 | D:6      | Reached XP level 9. HP: 92/92 MP: 8/8
  3977 | D:6      | Reached * piety under Wu Jian
  4448 | D:7      | Found a runed translucent gate.
  4448 | D:7      | Found a runed translucent gate.
  4448 | D:7      | Found a runed translucent gate.
  4448 | D:7      | Noticed Tollund's ghost (novice MeEE)
  4449 | D:7      | Noticed a kobold demonologist
  5630 | D:8      | Found an opulent altar of Gozag.
  5867 | D:9      | Found a radiant altar of Vehumet.
  5914 | D:9      | Reached skill level 11 in Unarmed Combat
  5949 | D:9      | Reached ** piety under Wu Jian
  6041 | D:9      | Found a staircase to the Lair.
  6069 | D:9      | Found a glowing golden altar of the Shining One.
  6075 | D:9      | Identified the +4 sling of Moderation {drain, Str+9}
  6104 | D:9      | Reached XP level 10. HP: 88/100 MP: 9/9
  6162 | D:9      | Found a runed translucent door.
  6162 | D:9      | Found a runed translucent door.
  6162 | D:9      | Noticed a cyan ugly thing
  6162 | D:9      | Noticed a fire dragon
  6162 | D:9      | Noticed a four-headed hydra
  6307 | D:9      | Noticed a death knight
  6373 | D:9      | Killed a death knight
  6470 | D:9      | Found a shadowy altar of Dithmenos.
  6759 | D:9      | Identified the +7 short sword "Wihau" {freeze, SInv}
  6776 | D:9      | Killed a cyan ugly thing
  6841 | D:9      | Noticed a tengu warrior
  6841 | D:9      | Reached *** piety under Wu Jian
  6908 | D:9      | Killed a tengu warrior
  7069 | D:9      | Identified the staff of Voassan {rC+ Str+3 Conj}
  7407 | D:9      | Slain by a nine-headed hydra

Illustrated notes

Levels and vault maps discovered:
D:1:      amcnicky_arrival_underground_garden, layout_loops_ring,
          minmay_misc_feat_diagonals, minivault_26
D:2:      layout_loops_corners, uniq_robin
D:3:      layout_basic, marbit_many_paths
D:4:      layout_gridville, minmay_temple_entry_hall, ebering_ghost_gozag
D:5:      layout_basic, cheibriados_altar_1, serial_bayou_pond_b, st_stairs_11,
          kennysheep_generic_room_3
D:6:      layout_loops_cross
D:7:      layout_loops_cross, gammafunk_ghost_nasty_kobolds
D:8:      layout_loops_ring, mainiacjoe_overflow_surrounded_room
D:9:      minmay_the_grid_triangle_9x9_recursive_2
          [minmay_the_grid_triangle_9x9_prize_center,
          minmay_the_grid_triangle_9x9_impossible_snake,
          minmay_the_grid_triangle_9x9_descending_squares,
          minmay_the_grid_triangle_9x9_tough_junction], layout_gridville,
          lemuel_round_altar, overflow_temple_1_default,
          nicolae_overflow_crystal_walls, kennysheep_small_spiral
Temple:   nicolae_temple_ecumenical_triangle

Skill      XL: |  1  2  3  4  5  6  7  8  9 10 |
---------------+-------------------------------+-----
Shields        | 3 4 6 7 8 |  8.2
Unarmed Combat | 3 4 5 10 11 | 11.9
Fighting       | 3 4 6 7 |  7.4
Dodging        | 5 6 |  6.3

Action                     |  1- 3 |  4- 6 |  7- 9 | 10-12 || total
---------------------------+-------+-------+-------+-------++-------
  Melee: Unarmed           |    81 |   107 |   248 |   148 ||   584
  Throw: Stone             |       |       |     9 |       ||     9
Ability: Lunge             |       |       |    21 |     4 ||    25
         Whirlwind         |       |       |     9 |    22 ||    31
  Evoke: Wand              |       |     2 |     3 |       ||     5
    Use: Scroll            |       |    11 |     7 |       ||    18
         Potion            |       |     1 |     1 |     3 ||     5
 Armour: Robe              |    49 |    61 |   114 |    23 ||   247
         Acid dragon scale |       |       |       |   100 ||   100
         Troll leather arm |       |       |       |     9 ||     9
  Dodge: Dodged            |    22 |    31 |    68 |    45 ||   166
  Block: Kite shield       |    26 |    45 |    95 |    82 ||   248

Table legend: (Time is in decaauts)
 A = Elapsed time spent in this place.
 B = Non-inter-level travel time spent in this place.
 C = Inter-level travel time spent in this place.
 D = Time resting spent in this place.
 E = Time spent auto-exploring this place.
 F = Levels seen in this place.
 G = Mean time per level.
                   A        B        C        D        E       F      G
               +--------+--------+--------+--------+--------+-----+--------+
         Total |   7397 |   6692 |    705 |    391 |   4771 |  10 |  739.7 |
       Dungeon |   7378 |   6689 |    689 |    391 |   4771 |   9 |  819.8 |
        Temple |     18 |      2 |     16 |      0 |      0 |   1 |   18.0 |
               +--------+--------+--------+--------+--------+-----+--------+

Top non-repeatable levels by time:
     D:9: 1529 daAuts
     D:8: 896 daAuts
     D:7: 847 daAuts
     D:4: 775 daAuts
     D:2: 748 daAuts
     D:6: 664 daAuts
     D:3: 663 daAuts
     D:1: 647 daAuts
     D:5: 605 daAuts
  Temple: 18 daAuts
